[Event "fics rated crazyhouse match"]
[Site "fics, Oklahoma City, OK USA"]
[Date "2000.01.23"]
[White "pminear"]
[WhiteElo "2356"]
[Black "Igy"]
[BlackElo "2250"]
[TimeControl "60+0"]
[Result "1-0"]

1. e4 e6 2. Nc3 Nc6 3. d4 Nf6 4. e5 Nd5 5. Ne4 d6 6. Nf3 
dxe5 7. dxe5 P@f5 8. Ng3 Bb4+ 9. P@d2 Bc5 10. d4 Bb4+ 11. Bd2 Bxd2+ 
12. Qxd2 B@e4 13. Nh5 Rg8 14. B@h4 Qd7 15. Ng5 Bxc2 16. Nxh7 P@e7 17. Bb5 
Be4 18. f3 Bxf3 19. gxf3 P@e3 20. Qg2 a6 21. Nxg7+ Kd8 22. Ba4 b5 
23. Bc2 Nxd4 24. Rd1 Nxc2+ 25. Qxc2 P@d2+ 26. Kf1 Rxg7 27. N@c6+ Qxc6 28. Qxc6 
B@g2+ 29. Ke2 N@d4+ 30. Kd3 Nxc6 31. Q@f8+ Q@e8 32. Qxe8+ Kxe8 33. Q@f8+ Kd7 
34. B@e8+ Kd8 35. Bxc6+ Q@e8 36. Qxe8# 
{Igy checkmated} 1-0

[Event "fics rated crazyhouse match"]
[Site "fics, Oklahoma City, OK USA"]
[Date "2000.01.23"]
[White "venomous"]
[WhiteElo "2437"]
[Black "LINDEGREN"]
[BlackElo "2286"]
[TimeControl "120+0"]
[Result "0-1"]

1. e4 Nf6 2. Nc3 e6 3. Nf3 d5 4. exd5 Nxd5 5. d4 Nc6 6. Nxd5 
exd5 7. Bb5 Bb4+ 8. c3 Qe7+ 9. Ne5 N@h4 10. Rg1 Bd6 11. Qe2 Bxe5 
12. dxe5 P@d3 13. Bxd3 Nxe5 14. Bb5+ P@c6 15. B@g5 Nxg2+ 16. Rxg2 Nf3+ 17. Kd1 
Qxe2+ 18. Bxe2 Q@e1+ 19. Kc2 Qxe2+ 20. Bcd2 Bf5# 
{venomous resigns} 0-1

[Event "fics rated crazyhouse match"]
[Site "fics, Oklahoma City, OK USA"]
[Date "2000.01.23"]
[White "LINDEGREN"]
[WhiteElo "2297"]
[Black "venomous"]
[BlackElo "2426"]
[TimeControl "120+0"]
[Result "0-1"]

1. e4 e6 2. Nc3 Nc6 3. Nf3 Bb4 4. d4 Nf6 5. Bd3 d5 6. exd5 
Nxd5 7. Bd2 P@a3 8. Nxd5 Bxd2+ 9. Qxd2 axb2 10. Rd1 exd5 11. Qe3+ P@e4 
12. Bxe4 dxe4 13. Qxe4+ Qe7 14. P@e5 B@f5 15. Qe3 N@g4 16. Qd2 B@c1 17. Rxc1 
bxc1=Q+ 18. Qxc1 Nxd4 19. Nxd4 Qxe5+ 20. P@e3 O-O 21. B@g3 Qa5+ 22. P@d2 Qxa2 
23. O-O P@b2 24. Qd1 R@c1 25. N@e7+ Kh8 26. B@e5 P@f6 27. Bxf6 Nxf6 28. P@h6 
Nh5 29. hxg7+ Nxg7 30. P@h6 B@f6 31. P@e5 Rxd1 32. Rxd1 b1=R 33. R@f1 Rxd1 
34. Rxd1 P@e2 35. Nxe2 R@b1 36. N@c1 Qxc2 37. Rf1 Rxc1 38. Nxc1 Qxc1 39. Rxc1 
N@e2+ 40. Kh1 Nxc1 41. R@g1 P@f3 42. exf6 fxg2+ 43. Rxg2 Q@f1# 
{LINDEGREN forfeits on time} 0-1

[Event "fics rated crazyhouse match"]
[Site "fics, Oklahoma City, OK USA"]
[Date "2000.01.23"]
[White "venomous"]
[WhiteElo "2431"]
[Black "LINDEGREN"]
[BlackElo "2292"]
[TimeControl "120+0"]
[Result "1-0"]

1. e4 Nf6 2. Nc3 e6 3. Nf3 d5 4. exd5 Nxd5 5. d4 Nc6 6. Bd2 
Bb4 7. Nxd5 Bxd2+ 8. Qxd2 exd5 9. N@h5 Qe7+ 10. P@e5 f6 11. Be2 N@e4 
12. exf6 gxf6 13. P@g7 Rg8 14. B@f8 Nxd2 15. Bxe7 Nxf3+ 16. Bxf3 P@d2+ 17. Kd1 
Nxe7 18. Nxf6+ Kf7 19. Nxg8 Q@e1+ 20. Rxe1 dxe1=Q+ 21. Kxe1 P@d2+ 22. Kd1 B@g5 
23. Q@f8+ Ke6 24. Q@e5+ Kd7 25. Qfxe7+ Bxe7 26. Qxe7+ Kc6 27. Qc5+ Kd7 28. R@e7# 
{LINDEGREN resigns} 1-0

[Event "fics rated crazyhouse match"]
[Site "fics, Oklahoma City, OK USA"]
[Date "2000.01.23"]
[White "LINDEGREN"]
[WhiteElo "2287"]
[Black "venomous"]
[BlackElo "2436"]
[TimeControl "120+0"]
[Result "1-0"]

1. e4 e6 2. Nf3 Nc6 3. d4 Nf6 4. e5 Nd5 5. Bd3 d6 6. exd6 
cxd6 7. O-O P@g4 8. Ng5 Nxd4 9. Qxg4 e5 10. P@f5 Nf6 11. Nxf7 Kxf7 
12. P@e6+ Ke8 13. P@f7+ Ke7 14. Bg5 d5 15. Bxf6+ gxf6 16. N@g8+ Kd6 17. Nc3 
N@c5 18. Nxd5 Kxd5 19. c4+ Kd6 20. Rad1 P@c6 21. Be4 Kc7 22. Rxd4 exd4 
23. N@e8+ Kb6 24. b4 N@e5 25. bxc5+ Bxc5 26. N@a4+ Ka5 27. Qd1 B@b4 28. Nxc5 
Bxc5 29. a3 Bxa3 30. Qb3 P@b4 31. B@c5 N@e2+ 32. Kh1 R@a4 33. Qxa4+ Kxa4 
34. Bc2+ P@b3 35. Bxb3+ Kxb3 36. Bxb4 Bxb4 37. P@a2+ Kxa2 38. R@a1+ Kb3 39. Rfb1+ 
Kxc4 40. P@b3+ Kd5 41. P@c4+ Ke4 42. f3+ Kxf5 43. Rf1 Kxe6 44. g4 Kxf7 
45. Nh6+ Kxe8 46. Nf5 N@g3+ 47. Kg2 Nf4+ 48. Kxg3 Q@g2+ 49. Kxf4 
{venomous forfeits on time} 1-0

[Event "fics rated crazyhouse match"]
[Site "fics, Oklahoma City, OK USA"]
[Date "2000.01.23"]
[White "venomous"]
[WhiteElo "2425"]
[Black "LINDEGREN"]
[BlackElo "2298"]
[TimeControl "120+0"]
[Result "1-0"]

1. e4 Nf6 2. Nc3 e6 3. Nf3 d5 4. exd5 Nxd5 5. d4 Nc6 6. Bd2 
Bb4 7. Nxd5 Bxd2+ 8. Qxd2 exd5 9. P@e5 Qe7 10. B@h4 f6 11. N@h5 N@e4 
12. Qe2 B@a5+ 13. c3 P@a3 14. exf6 gxf6 15. Nxf6+ Nxf6 16. Qxe7+ Nxe7 17. Bxf6 
Q@e6+ 18. Ne5 Qxf6 19. P@f7+ Kd8 20. N@g8 P@d2+ 21. Kd1 Bg4+ 22. P@f3 Rxg8 
23. fxg8=Q+ Nxg8 24. fxg4 B@e6 25. Bb5 N@d6 26. R@f3 P@f4 27. g5 Qe7 28. B@f6 
Nxf6 29. gxf6 Qxf6 30. N@g4 axb2 31. Rb1 P@c2+ 32. Kxc2 N@a3+ 33. Kxb2 Naxb5 
34. Nxf6 B@a3+ 35. Kc2 B@e4+ 36. Kxd2 Ke7 37. Q@g7# 
{LINDEGREN forfeits on time} 1-0

[Event "fics rated crazyhouse match"]
[Site "fics, Oklahoma City, OK USA"]
[Date "2000.01.23"]
[White "LINDEGREN"]
[WhiteElo "2293"]
[Black "venomous"]
[BlackElo "2430"]
[TimeControl "120+0"]
[Result "1-0"]

1. e4 e6 2. Nc3 Nc6 3. d4 Nf6 4. Nf3 Bb4 5. Bd3 d5 6. exd5 
Nxd5 7. Bd2 P@a3 8. Nxd5 Bxd2+ 9. Qxd2 axb2 10. Rd1 exd5 11. Qe3+ P@e4 
12. Bxe4 dxe4 13. Qxe4+ Qe7 14. Qxe7+ Nxe7 15. N@h5 Rg8 16. O-O B@g4 17. B@c4 
Bxh5 18. Ne5 B@c6 19. Nxc6 bxc6 20. P@b7 N@f4 21. bxc8=Q+ Rxc8 22. P@d7+ Kxd7 
23. B@e6+ fxe6 24. Bxe6+ Nxe6 25. B@h3 P@g4 26. d5 cxd5 27. P@f5 B@f7 28. fxe6+ 
Bxe6 29. N@c5+ Kd6 30. Nxe6 Kxe6 31. P@f5+ Nxf5 32. Rxd5 Kxd5 33. Q@d7+ N@d6 
34. B@e6+ Ke5 35. Bxg8 N@e2+ 36. Kh1 gxh3 37. Qe6+ Kd4 38. Qd5+ Kc3 39. Qb3+ 
Kd4 40. Qd5+ Kc3 41. R@b3+ Kxc2 42. Qd3# 
{venomous checkmated} 1-0

[Event "fics rated crazyhouse match"]
[Site "fics, Oklahoma City, OK USA"]
[Date "2000.01.23"]
[White "LINDEGREN"]
[WhiteElo "2315"]
[Black "venomous"]
[BlackElo "2408"]
[TimeControl "120+0"]
[Result "0-1"]

1. e4 e6 2. Nc3 Nc6 3. d4 Nf6 4. Nf3 Bb4 5. Bd3 d5 6. exd5 
Nxd5 7. Bd2 P@a3 8. Nxd5 Bxd2+ 9. Qxd2 axb2 10. Rd1 exd5 11. Qe3+ P@e4 
12. Bxe4 dxe4 13. Qxe4+ Qe7 14. Qxe7+ Nxe7 15. B@b5+ B@d7 16. Bxd7+ Bxd7 17. B@b4 
Q@e4+ 18. P@e3 N@f4 19. O-O Nxg2 20. Bxe7 Qxe7 21. N@h5 Rg8 22. N@d5 Qd6 
23. Q@e5+ Qxe5 24. dxe5 B@d8 25. P@e7 Bxe7 26. Nxc7+ Kf8 27. Rxd7 Q@g4 28. B@g3 
Qxf3 29. Q@h3 N@e2+ 30. Kh1 Ngf4+ 31. P@g2 Nxh3 32. gxf3 Nxg3+ 33. hxg3 Nxf2+ 
34. Rxf2 Q@h3+ 35. N@h2 Qxd7 36. P@e6 Qd1+ 37. N@f1 P@e2 38. exf7 exf1=Q+ 39. Nxf1 
P@g2+ 40. Kxg2 P@h3+ 41. Kxh3 B@f5+ 42. P@g4 Bxg4# 
{LINDEGREN forfeits on time} 0-1

[Event "fics rated crazyhouse match"]
[Site "fics, Oklahoma City, OK USA"]
[Date "2000.01.23"]
[White "venomous"]
[WhiteElo "2414"]
[Black "LINDEGREN"]
[BlackElo "2309"]
[TimeControl "120+0"]
[Result "1-0"]

1. e4 Nf6 2. Nc3 e6 3. Nf3 d5 4. exd5 Nxd5 5. d4 Nc6 6. Bd2 
Bb4 7. Nxd5 Bxd2+ 8. Qxd2 exd5 9. P@d3 Qe7+ 10. Be2 N@g4 11. N@h5 f6 
12. O-O B@h6 13. B@f4 Bxf4 14. Nxf4 P@e3 15. fxe3 Nxe3 16. B@f2 Nxf1 17. Rxf1 
B@e6 18. P@f5 Bxf5 19. Nxd5 Qf7 20. P@e4 Bfe6 21. Bg3 P@d6 22. Ng5 Qg6 
23. Nxc7+ Kd8 24. Ncxe6+ Bxe6 25. Nxe6+ Kd7 26. B@f5 Qe8 27. Nxg7# 
{LINDEGREN resigns} 1-0

[Event "fics rated crazyhouse match"]
[Site "fics, Oklahoma City, OK USA"]
[Date "2000.01.23"]
[White "LINDEGREN"]
[WhiteElo "2303"]
[Black "venomous"]
[BlackElo "2420"]
[TimeControl "120+0"]
[Result "0-1"]

1. e4 e6 2. Nc3 Nc6 3. d4 Nf6 4. Nf3 Bb4 5. Bd3 d5 6. exd5 
Nxd5 7. Qe2 Nxc3 8. bxc3 Bxc3+ 9. Bd2 Bxa1 10. N@h5 R@b1+ 11. Qd1 Rxd1+ 
12. Kxd1 N@b2+ 13. Ke2 Nxd4+ 14. Nxd4 Qxd4 15. R@e4 Nxd3 16. Rxd4 Bxd4 17. cxd3 
R@e5+ 18. N@e4 Rxh5 19. N@f4 Re5 20. P@e3 P@c2 21. exd4 B@d1+ 22. Rxd1 cxd1=Q+ 
23. Kxd1 P@c2+ 24. Ke2 N@g1+ 25. Kf1 R@d1+ 26. B@e1 P@e2+ 27. Nxe2 Nxe2 28. Kxe2 
Rxe4+ 29. dxe4 Rxd2+ 30. Bxd2 B@d1+ 31. Kd3 N@b2+ 32. Kc3 N@a4+ 33. Kb4 Q@c4+ 
34. Ka3 N@b5# 
{LINDEGREN checkmated} 0-1

[Event "fics rated crazyhouse match"]
[Site "fics, Oklahoma City, OK USA"]
[Date "2000.01.23"]
[White "venomous"]
[WhiteElo "2425"]
[Black "LINDEGREN"]
[BlackElo "2298"]
[TimeControl "120+0"]
[Result "1-0"]

1. e3 Nf6 2. b3 d6 3. Bb2 e5 4. Nf3 Nc6 5. Nc3 Bg4 6. Be2 
Be7 7. Ng5 Bxe2 8. Qxe2 O-O 9. B@f3 B@g6 10. d3 Nd7 11. h4 Bxg5 
12. hxg5 Qxg5 13. B@h4 Qf5 14. Bg4 N@d4 15. exd4 Nxd4 16. Bxf5 Nxe2 17. Nxe2 
P@d2+ 18. Kxd2 Bxf5 19. N@e7+ Kh8 20. Nxf5 B@f4+ 21. P@e3 P@d4 22. Nxf4 dxe3+ 
23. fxe3 P@d4 24. P@h6 dxe3+ 25. Nxe3 Rg8 26. P@f6 Nxf6 27. Bxf6 Q@f2+ 28. N@e2 
Qxe3+ 29. Kxe3 exf4+ 30. Nxf4 N@g4+ 31. Kd2 P@e3+ 32. Kc1 Nxf6 33. Bxf6 P@d2+ 
34. Kb1 N@a3+ 35. Kb2 B@c1+ 36. Raxc1 dxc1=Q+ 37. Rxc1 
{LINDEGREN resigns} 1-0

[Event "fics rated crazyhouse match"]
[Site "fics, Oklahoma City, OK USA"]
[Date "2000.01.23"]
[White "LINDEGREN"]
[WhiteElo "2293"]
[Black "venomous"]
[BlackElo "2430"]
[TimeControl "120+0"]
[Result "0-1"]

1. e4 e6 2. Nc3 Nc6 3. d4 Nf6 4. Nf3 Bb4 5. Bd3 d5 6. exd5 
Nxd5 7. Bd2 P@a3 8. Nxd5 Bxd2+ 9. Qxd2 axb2 10. Nxc7+ Qxc7 11. Rd1 B@c1 
12. Rxc1 P@c3 13. Qd1 bxc1=Q 14. Qxc1 Nxd4 15. B@g4 Nxf3# 
{LINDEGREN resigns} 0-1

[Event "fics rated crazyhouse match"]
[Site "fics, Oklahoma City, OK USA"]
[Date "2000.01.23"]
[White "venomous"]
[WhiteElo "2435"]
[Black "LINDEGREN"]
[BlackElo "2288"]
[TimeControl "120+0"]
[Result "1-0"]

1. e4 e6 2. d4 Nf6 3. Bd3 Nc6 4. Be3 d5 5. e5 Ne4 6. Nh3 
Bb4+ 7. c3 Be7 8. O-O Ng5 9. Bxg5 Bxg5 10. N@h5 B@f8 11. Qg4 Bh6 
12. Na3 f5 13. exf6 gxf6 14. P@g7 Bhxg7 15. Nxg7+ Bxg7 16. Qxg7 Rf8 17. B@h6 
Rf7 18. Qg8+ N@f8 19. Bxh7 Qe7 20. B@g6 Nd8 21. P@g7 Kd7 22. Bxf7 Nxh7 
23. Qxh7 Nxf7 24. g8=Q 
{LINDEGREN resigns} 1-0

[Event "fics rated crazyhouse match"]
[Site "fics, Oklahoma City, OK USA"]
[Date "2000.01.23"]
[White "LINDEGREN"]
[WhiteElo "2283"]
[Black "venomous"]
[BlackElo "2440"]
[TimeControl "120+0"]
[Result "0-1"]

1. e4 e6 2. d4 Nc6 3. Nf3 Nf6 4. e5 Nd5 5. Bd3 d6 6. exd6 
Bxd6 7. P@e4 Ndb4 8. Be2 P@g4 9. Ng5 Nxd4 10. Na3 Nxe2 11. Qxe2 B@a6 
12. N@b5 Bxb5 13. Nxb5 P@d3 14. cxd3 N@c2+ 15. Kf1 Nxa1 16. B@h5 O-O 17. Bxg4 
R@b1 18. Qd2 Nxd3 19. Qxd3 Rxc1+ 20. N@d1 B@c4 21. Qxc4 Rxc4 22. B@e2 Qxg5 
23. h4 Qxb5 24. b3 P@c2 25. bxc4 Qb1 26. P@h6 N@d2+ 27. Kg1 cxd1=Q# 
{LINDEGREN resigns} 0-1

[Event "fics rated crazyhouse match"]
[Site "fics, Oklahoma City, OK USA"]
[Date "2000.01.23"]
[White "LINDEGREN"]
[WhiteElo "2274"]
[Black "venomous"]
[BlackElo "2449"]
[TimeControl "120+0"]
[Result "0-1"]

1. e4 e6 2. Nf3 Nc6 3. d4 Nf6 4. Bd3 Bb4+ 5. c3 Be7 6. O-O 
d5 7. e5 Ne4 8. Ne1 f5 9. f3 O-O 10. fxe4 dxe4 11. Be2 Nxe5 
12. dxe5 Qxd1 13. Bxd1 Q@c5+ 14. N@d4 Qxe5 15. Bf4 Qc5 16. Nd2 P@e5 17. Nb3 
Qd6 18. Bxe5 Qxe5 19. P@f4 B@e3+ 20. Kh1 Bxf4 21. N@d3 exd3 22. Nxd3 Qe3 
23. Nxf4 N@f2+ 24. Rxf2 Qxf2 25. N@h3 R@f1+ 26. B@g1 Rxg1+ 27. Nxg1 Qxf4 28. R@f3 
N@f2+ 29. Rxf2 Qxf2 30. N@h3 Qxb2 31. Bh5 P@g6 32. Bxg6 hxg6 33. P@h5 B@h7 
34. hxg6 Bxg6 35. Rf1 P@g4 36. Nf4 B@f7 37. Nxg6 Bxg6 38. B@c1 Qxc3 39. P@h6 
gxh6 40. Bxh6 P@g7 41. Bxg7 Kxg7 42. P@f4 P@h3 43. P@h6+ Kxh6 44. P@g5+ Kg7 
{LINDEGREN forfeits on time} 0-1

[Event "fics rated crazyhouse match"]
[Site "fics, Oklahoma City, OK USA"]
[Date "2000.01.23"]
[White "venomous"]
[WhiteElo "2453"]
[Black "LINDEGREN"]
[BlackElo "2270"]
[TimeControl "120+0"]
[Result "1-0"]

1. e4 Nf6 2. Nc3 e6 3. Nf3 d5 4. exd5 Nxd5 5. d4 Bb4 6. P@d2 
Bxc3 7. dxc3 N@e4 8. Bd3 P@f5 9. O-O Ndxc3 10. bxc3 Nxc3 11. Ne5 Nxd1 
12. Rxd1 P@e4 13. Bb5+ c6 14. Bf1 P@d6 15. Nxf7 Kxf7 16. N@g5+ Ke7 17. P@e5 
dxe5 18. Ba3+ P@d6 19. dxe5 N@d5 20. exd6+ Kf6 21. Rxd5 cxd5 22. B@e7# 
{LINDEGREN resigns} 1-0

[Event "fics rated crazyhouse match"]
[Site "fics, Oklahoma City, OK USA"]
[Date "2000.01.23"]
[White "LINDEGREN"]
[WhiteElo "2266"]
[Black "Anky"]
[BlackElo "2364"]
[TimeControl "60+0"]
[Result "1-0"]

1. e4 e6 2. Nc3 Nc6 3. d4 Nf6 4. Nf3 d5 5. Bd3 dxe4 6. Nxe4 
Be7 7. Neg5 O-O 8. P@e5 Ng4 9. Nxh7 P@g6 10. Nxf8 Qxf8 11. P@h3 Nxf2 
12. Kxf2 f6 13. Bxg6 fxe5 14. P@f7+ Qxf7 15. Bxf7+ Kxf7 16. N@g5+ Ke8 17. Q@f7+ 
Kd7 18. Qxe6+ Kd8 19. R@g8+ B@f8 20. Rxf8+ Bxf8 21. Nf7# 
{Anky checkmated} 1-0

[Event "fics rated crazyhouse match"]
[Site "fics, Oklahoma City, OK USA"]
[Date "2000.01.23"]
[White "roboRPETE"]
[WhiteElo "2332"]
[Black "venomous"]
[BlackElo "2457"]
[TimeControl "0+1"]
[Result "1-0"]

1. e4 e6 2. Nc3 Nc6 3. d4 Bb4 4. Nf3 Nf6 5. Bg5 h6 6. Bxf6 
Qxf6 7. N@h5 Qg6 8. Ng3 B@a5 9. Qd2 Bxc3 10. bxc3 N@a4 11. B@b4 Nxb4 
12. cxb4 B@c3 13. bxa5 Bxd2+ 14. Nxd2 Q@c3 15. N@b3 O-O 16. B@b5 Nb2 17. B@d3 
c6 18. Ne2 Qxb3 19. axb3 cxb5 20. Bxb5 B@b4 21. Q@e3 Bxd2+ 22. Kxd2 a6 
23. B@a3 axb5 24. Bxb2 N@d6 25. N@e7+ Kh7 26. Nxg6 fxg6 27. Q@e7 B@b4+ 28. Kc1 
Rf7 29. Qd8 N@f8 30. Nc3 N@g4 31. Qe2 Bxc3 32. Bxc3 N@f6 33. f3 Ndxe4 
34. fxe4 P@f2 35. N@d6 b6 36. Nxf7 
{venomous resigns} 1-0

[Event "fics rated crazyhouse match"]
[Site "fics, Oklahoma City, OK USA"]
[Date "2000.01.23"]
[White "venomous"]
[WhiteElo "2446"]
[Black "roboRPETE"]
[BlackElo "2344"]
[TimeControl "0+1"]
[Result "1-0"]

1. e4 e6 2. d4 Nc6 3. Be3 d5 4. e5 Bb4+ 5. c3 Ba5 6. Bd3 
Nh6 7. Bxh6 gxh6 8. N@g7+ Kf8 9. Nh5 Nxd4 10. Nf3 Nxf3+ 11. Qxf3 P@e4 
12. Bxe4 dxe4 13. P@g7+ Ke7 14. Qf6+ Kd7 15. Qxf7+ B@e7 16. gxh8=Q N@d3+ 17. Kf1 
Qxh8 18. R@d4+ P@d5 19. N@f6+ Kd8 20. P@g7 Nxe5 21. gxh8=Q+ B@f8 22. Qe8# 
{roboRPETE checkmated} 1-0

[Event "fics rated crazyhouse match"]
[Site "fics, Oklahoma City, OK USA"]
[Date "2000.01.23"]
[White "LINDEGREN"]
[WhiteElo "2286"]
[Black "Anky"]
[BlackElo "2326"]
[TimeControl "60+0"]
[Result "0-1"]

1. e4 e6 2. Nc3 Nc6 3. Nf3 Nf6 4. d4 d5 5. Bd3 Bb4 6. exd5 
Nxd5 7. Bd2 P@a3 8. Nxd5 Bxd2+ 9. Qxd2 axb2 10. Rd1 Qxd5 11. P@e4 P@c3 
12. Qf4 B@d2+ 13. Nxd2 cxd2+ 14. Qxd2 Qxd4 15. B@c3 N@h4 16. Bxd4 N@f3+ 17. gxf3 
Nxf3+ 18. Ke2 Ncxd4+ 19. Kf1 Nxd2+ 20. Rxd2 P@g2+ 21. Kxg2 B@f3+ 22. Kf1 b1=Q+ 
23. B@d1 P@g2+ 24. Ke1 gxh1=Q+ 25. N@f1 Nxc2+ 26. Bxc2 Qxf1+ 27. Kxf1 P@g2+ 28. Ke1 
R@f1# 
{LINDEGREN checkmated} 0-1

[Event "fics rated crazyhouse match"]
[Site "fics, Oklahoma City, OK USA"]
[Date "2000.01.23"]
[White "roboRPETE"]
[WhiteElo "2338"]
[Black "venomous"]
[BlackElo "2452"]
[TimeControl "0+1"]
[Result "1-0"]

1. e4 e6 2. d4 Nc6 3. Nc3 Nf6 4. Bg5 Be7 5. Nf3 d5 6. Bxf6 
Bxf6 7. N@e5 dxe4 8. Nxc6 bxc6 9. Nxe4 B@a6 10. N@e5 P@d7 11. Nxf6+ gxf6 
12. B@h4 N@f5 13. Bxa6 Bxa6 14. B@g3 Nxh4 15. Bxh4 N@f5 16. Nd3 Nxh4 17. Nxh4 
B@g5 18. N@f3 B@h6 19. N@e4 B@g6 20. Nxg6 hxg6 21. P@d6 cxd6 22. Nxd6+ Kf8 
23. B@g3 P@e7 24. h4 exd6 25. hxg5 fxg5 26. Rxh6 Rxh6 27. Bxd6+ P@e7 28. B@c7 
Rh1+ 29. B@f1 Bxd3 30. cxd3 Qc8 31. Nxg5 exd6 32. Bxd6+ B@e7 33. P@g7+ Kg8 
34. Bxe7 Kxg7 35. B@f6+ Kg8 36. Ne4 P@g7 37. Nd6 Qc7 38. Be5 N@d5 39. Nxf7 
Qa5+ 40. B@d2 Qb6 41. Bxg7 Kxf7 42. Bc5 N@f5 43. Bxb6 Kxg7 44. Q@e5+ B@f6 
45. P@h6+ Rxh6 46. Qxf5 R@g1 47. Bxh6+ Kxh6 48. Qdh5+ gxh5 49. R@h7# 
{venomous checkmated} 1-0

[Event "fics rated crazyhouse match"]
[Site "fics, Oklahoma City, OK USA"]
[Date "2000.01.23"]
[White "Anky"]
[WhiteElo "2339"]
[Black "LINDEGREN"]
[BlackElo "2279"]
[TimeControl "60+0"]
[Result "0-1"]

1. e4 e6 2. d4 Nc6 3. Nf3 Nf6 4. e5 Ne4 5. Bd3 d5 6. exd6 
Nxd6 7. Nc3 P@g4 8. Ne5 Nxd4 9. Qxg4 N6f5 10. Nxf7 Kxf7 11. Bxf5 exf5 
12. N@e5+ Ke7 13. Qd1 P@f6 14. P@e3 fxe5 15. exd4 B@e6 16. Qe2 Qxd4 17. Be3 
Qd7 18. N@c5 Qd6 19. Rd1 P@d4 20. N5e4 fxe4 21. Nxe4 Qb4+ 22. P@c3 Qxb2 
23. cxd4 N@c3 24. Qd2 Nxe4 25. Qd3 N@b4 26. Qxe4 Nxc2+ 27. Kf1 P@e2+ 28. Kxe2 
N@c3+ 29. Kf3 Nxe4 30. P@d6+ cxd6 
{Anky forfeits on time} 0-1

[Event "fics rated crazyhouse match"]
[Site "fics, Oklahoma City, OK USA"]
[Date "2000.01.23"]
[White "venomous"]
[WhiteElo "2442"]
[Black "roboRPETE"]
[BlackElo "2349"]
[TimeControl "0+1"]
[Result "0-1"]

1. e4 e6 2. d4 Nc6 3. Be3 Bb4+ 4. c3 Bd6 5. Bd3 Nf6 6. Nf3 
Ng4 7. h3 Nxe3 8. fxe3 B@g3+ 9. Kd2 O-O 10. e5 Bgxe5 11. dxe5 Nxe5 
12. Nxe5 Bxe5 13. N@f3 N@f2 14. Qe2 Nxd3 15. Qxd3 B@g6 16. e4 Bf4+ 17. Kc2 
d5 18. Nbd2 dxe4 19. Qxd8 exf3+ 20. B@d3 Rxd8 21. N@e7+ Kf8 22. Nxg6+ fxg6 
23. Q@h8+ Q@g8 24. gxf3 N@e3+ 25. Kb3 N@a5# 
{venomous resigns} 0-1

[Event "fics rated crazyhouse match"]
[Site "fics, Oklahoma City, OK USA"]
[Date "2000.01.23"]
[White "LINDEGREN"]
[WhiteElo "2288"]
[Black "Anky"]
[BlackElo "2323"]
[TimeControl "60+0"]
[Result "0-1"]

1. e4 e6 2. Nf3 Nc6 3. d4 Nf6 4. Nc3 d5 5. e5 Ne4 6. Bd3 
Bb4 7. Bd2 Nxd2 8. Qxd2 B@e4 9. O-O Bxf3 10. gxf3 Nxd4 11. B@g2 N@h4 
12. N@h5 Ndxf3+ 13. Kh1 Nxd2 14. Nxg7+ Kd7 15. Nxd5 exd5 16. P@f5 P@f3 17. e6+ 
fxe6 18. fxe6+ Kc6 19. Bxf3 Ndxf3 20. P@b5+ Kb6 21. P@g2 P@h3 22. Rg1 Nxg1 
23. Rxg1 a6 24. N@a4+ Ka7 25. bxa6 bxa6 26. P@c5 P@b6 27. cxb6+ cxb6 28. P@c5 
hxg2+ 29. Rxg2 P@f3 30. cxb6+ Qxb6 
{LINDEGREN forfeits on time} 0-1

[Event "fics rated crazyhouse match"]
[Site "fics, Oklahoma City, OK USA"]
[Date "2000.01.23"]
[White "Anky"]
[WhiteElo "2335"]
[Black "LINDEGREN"]
[BlackElo "2281"]
[TimeControl "60+0"]
[Result "0-1"]

1. e4 e6 2. d4 Nf6 3. e5 Ne4 4. f3 d5 5. fxe4 dxe4 6. Nc3 
Nc6 7. Be3 Bb4 8. N@h5 Rg8 9. Nh3 P@a3 10. Bd2 axb2 11. Rb1 Bxc3 
12. Bxc3 e3 13. Bb5 P@f2+ 14. Kf1 N@e4 15. B@b4 a5 16. Bxc6+ bxc6 17. Nxg7+ 
Rxg7 18. P@e7 Qxe7 19. Bxe7 N@g3+ 20. hxg3 Nxg3# 
{Anky checkmated} 0-1

[Event "fics rated crazyhouse match"]
[Site "fics, Oklahoma City, OK USA"]
[Date "2000.01.23"]
[White "LINDEGREN"]
[WhiteElo "2290"]
[Black "Anky"]
[BlackElo "2320"]
[TimeControl "60+0"]
[Result "0-1"]

1. e4 e6 2. Nf3 Nc6 3. d4 Nf6 4. Bd3 d5 5. exd5 Nxd5 6. O-O 
P@g4 7. Ng5 Nxd4 8. f3 gxf3 9. Nxf3 Nxf3+ 10. Qxf3 N@e5 11. Qf2 P@f5 
12. Nc3 Nxc3 13. bxc3 N@g4 14. Qe2 Nxd3 15. cxd3 B@b6+ 16. P@e3 Bd6 17. N@h5 
Rg8 18. N@f4 P@g5 19. P@g3 gxf4 20. gxf4 Nxh2 21. Kxh2 Qh4+ 22. P@h3 N@g4+ 
23. Kh1 Qxh5 24. N@g3 Qh4 25. Rf3 N@g5 26. Ba3 Nxf3 27. Qxf3 Bxa3 28. N@e5 
Nxe5 29. fxe5 B@g4 30. Qf2 R@b2 31. N@b5 Rxf2 32. N@d6+ cxd6 33. Nxd6+ Bxd6 
34. Rf1 Q@h2+ 35. Kxh2 Qxg3+ 36. Kxg3 N@h5+ 37. Kxf2 Bxe3+ 38. Ke1 N@d5 39. Rf2 
{LINDEGREN forfeits on time} 0-1

[Event "fics rated crazyhouse match"]
[Site "fics, Oklahoma City, OK USA"]
[Date "2000.01.23"]
[White "Anky"]
[WhiteElo "2331"]
[Black "LINDEGREN"]
[BlackElo "2283"]
[TimeControl "60+0"]
[Result "1-0"]

1. e4 Nf6 2. e5 Ne4 3. f3 Nc5 4. d4 Ne6 5. Nh3 d5 6. exd6 
exd6 7. Bc4 d5 8. Bb5+ Nc6 9. O-O Be7 10. Nc3 O-O 11. P@h6 gxh6 
12. Bxh6 P@g7 13. Be3 f5 14. Nf4 Nxf4 15. Bxf4 N@e6 16. Be3 f4 17. Bf2 
P@e3 18. Be1 Ncxd4 19. N@e5 P@f2+ 20. Bxf2 exf2+ 21. Kh1 Ng5 22. P@g6 B@h3 
23. Rxf2 hxg6 24. Nxg6 P@g3 25. hxg3 fxg3 26. Qxd4 gxf2 27. Qxf2 Rxf3 28. gxf3 
P@g2+ 29. Kh2 P@g3+ 30. Kxg3 Ne4+ 31. Nxe4 Bh4+ 32. Nxh4 Qxh4+ 33. Kxh4 N@f5+ 
34. Kxh3 R@h5+ 35. P@h4 Nxh4+ 36. P@g4 
{LINDEGREN forfeits on time} 1-0

[Event "fics rated crazyhouse match"]
[Site "fics, Oklahoma City, OK USA"]
[Date "2000.01.23"]
[White "LINDEGREN"]
[WhiteElo "2276"]
[Black "Anky"]
[BlackElo "2341"]
[TimeControl "60+0"]
[Result "1-0"]

1. e4 e6 2. Nf3 Nc6 3. d4 Nf6 4. e5 Nd5 5. Bd3 d6 6. O-O 
dxe5 7. Nxe5 P@g4 8. Nxg4 Nxd4 9. c3 Nf5 10. P@e4 Nh4 11. exd5 exd5 
12. Qe2+ P@e4 13. Bxe4 dxe4 14. Qxe4+ P@e6 15. P@h6 B@f5 16. Qe2 Bxg4 17. Qxg4 
N@e5 18. Qe2 gxh6 19. Qxe5 P@f6 20. Qe4 Nf5 21. B@h5 Rg8 22. P@g4 Nd6 
23. Qe2 Qe7 24. P@c5 Nf5 25. gxf5 Bd7 26. N@b5 Bxb5 27. Qxb5+ c6 28. Qe2 
N@d5 29. N@e4 O-O-O 30. N@d6+ Qxd6 31. Nxd6+ Rxd6 32. cxd6 Bxd6 33. Q@a8+ N@b8 
34. Bxf7 N@h3+ 35. Kh1 P@f3 36. Qxf3 exf5 37. P@d7+ Kc7 38. Be6 
{Anky forfeits on time} 1-0

[Event "fics rated crazyhouse match"]
[Site "fics, Oklahoma City, OK USA"]
[Date "2000.01.23"]
[White "Anky"]
[WhiteElo "2327"]
[Black "LINDEGREN"]
[BlackElo "2285"]
[TimeControl "60+0"]
[Result "0-1"]

1. e4 e6 2. d4 Nf6 3. e5 d5 4. exf6 gxf6 5. Nf3 Nc6 6. Bf4 
Rg8 7. Bg3 P@e4 8. Nh4 Qe7 9. Nc3 Nb4 10. Nb5 Na6 11. Be2 f5 
12. O-O Rxg3 13. hxg3 B@f6 14. N@h5 Bxh4 15. gxh4 Qxh4 16. B@g3 Qe7 17. Kh1 
P@g4 18. R@g8 N@g6 19. Bxg4 fxg4 20. P@g7 B@f3 21. gxf8=Q+ Nxf8 22. gxf3 gxf3 
23. Kh2 P@g2 24. Rg1 Bd7 25. B@h3 Bxb5 26. B@f6 Qd7 27. Rxf8+ Kxf8 28. Bfe5 
f6 29. Bxf6 Qf7 30. P@e7+ Ke8 31. Ng7+ Kd7 32. N@e5+ Kd6 33. Nxf7+ Kc6 
34. Ne5+ Kb6 35. a4 Bc4 36. a5+ Kb5 37. Q@b4+ Nxb4 38. c3 R@h6 39. cxb4 
Rxh3+ 40. Kxh3 Q@h1+ 41. Rxh1 gxh1=Q+ 42. Qxh1 B@f5+ 43. N@g4 Bxg4+ 44. Nxg4 R@h5+ 
45. B@h4 P@f5 46. Q@c5+ Ka6 47. P@b5+ Bxb5 48. R@b6+ axb6 
{Anky forfeits on time} 0-1